 Dungeon Crawl Stone Soup version 0.19.0-22-gd96e5fe (webtiles) character file.

6739 McCoppin the Fighter (level 11, -4/87 HPs)
             Began as an Octopode Necromancer on Nov 18, 2016.
             Was a Believer of Kikubaaqudgha.
             Slain by a komodo dragon (24 damage)
             ... on level 10 of the Dungeon.
             The game lasted 00:40:17 (11829 turns).

McCoppin the Fighter (Octopode Necromancer)        Turns: 11829, Time: 00:40:17

Health: -4/87      AC:  3    Str: 11    XL:     11   Next: 4%
Magic:  3/14       EV: 16    Int: 18    God:    Kikubaaqudgha [**....]
Gold:   588        SH:  0    Dex: 16    Spells: 4 memorised, 3 levels left

rFire  . . .     SeeInvis .     r - +2 falchion (elec)
rCold  + . .     Gourm    .     (no shield)
rNeg   . . .     Faith    .     (helmet restricted)
rPois  .         Spirit   .     (no amulet)
rElec  .         Reflect  .     x - ring of protection from magic
rCorr  +         Harm     .     L - +4 ring of strength
MR     +....     Clarity  +     Q - ring of ice
Stlth  ++++......               J - ring of resist corrosion
                                (no ring)
                                (no ring)
                                (no ring)
                                (no ring)

@: very slightly contaminated
A: almost no armour, stealthy swim, amphibious, 8 rings, constrict 8, rugged
brown scales 2, camouflage 1, clarity, fire resistance 1, gelatinous body 1
a: Receive Corpses, Renounce Religion


You were on level 10 of the Dungeon.
You worshipped Kikubaaqudgha.
Kikubaaqudgha was pleased with you.
You were not hungry.

You visited 2 branches of the dungeon, and saw 11 of its levels.
You also visited: Sewer.

You collected 588 gold pieces.

Inventory:

Hand Weapons
 d - a +4 great sword
 r - a +2 falchion of electrocution (weapon)
 u - a +1 dagger of holy wrath
 z - a +0 dagger of speed
 N - a +0 scimitar
 P - a cursed +4 great sword of freezing
Armour
 y - the +3 scale mail of an ossuary {+Fly rF+ Str+6 Dex-2, unknown}
   (You found it on level 8 of the Dungeon)

   It affects your strength (+6).
   It affects your dexterity (-2).
   It protects you from fire.
   It lets you fly.
 B - the +1 pair of gloves "Hecwycs" {rN+ Str-3 Dex+8, unknown}
   (You found it on level 6 of the Dungeon)

   It affects your strength (-3).
   It affects your dexterity (+8).
   It protects you from negative energy.
Jewellery
 x - a ring of protection from magic (left tentacle)
 J - a ring of resist corrosion (on tentacle)
 L - a +4 ring of strength (right tentacle)
 Q - a ring of ice (on tentacle)
Wands
 l - a wand of lightning (4/15)
 m - a wand of digging (14/24)
 v - a wand of polymorph (17/24)
 C - a wand of teleportation (1/9)
 H - a wand of acid (8/15)
 I - a wand of heal wounds (0/9)
Scrolls
 f - 6 scrolls of teleportation
 h - 4 scrolls of enchant armour
 n - a scroll of fear
 o - 3 scrolls of enchant weapon {unknown}
 p - 3 scrolls of fog
 q - 3 scrolls of amnesia
 s - 2 scrolls of remove curse
 D - 2 scrolls of magic mapping {unknown}
Potions
 c - 2 potions of heal wounds {unknown}
 e - a potion of curing
 i - 2 potions of agility
 j - 2 potions of magic
 w - a potion of might
 F - 2 potions of ambrosia
 K - a potion of flight {unknown}
 M - a potion of cancellation {unknown}
 O - a potion of beneficial mutation {unknown}
Books
 a - a book of Necromancy

   Spells                             Type                      Level
   a - Pain                           Necromancy                   1
   b - Animate Skeleton               Necromancy                   1
   c - Vampiric Draining              Necromancy                   3
   d - Regeneration                   Charms/Necromancy            3
   e - Animate Dead                   Necromancy                   4
   f - Control Undead                 Necromancy                   4
 A - Kikubaaqudgha's Volume of Stolen Souls
   (Kikubaaqudgha gifted it to you on level 8 of the Dungeon)

   Spells                             Type                      Level
   a - Pain                           Necromancy                   1
   b - Corpse Rot                     Necromancy                   2
   c - Sublimation of Blood           Necromancy                   2
   d - Vampiric Draining              Necromancy                   3
   e - Control Undead                 Necromancy                   4
 E - a book of Flames

   Spells                             Type                      Level
   a - Flame Tongue                   Conjuration/Fire             1
   b - Throw Flame                    Conjuration/Fire             2
   c - Conjure Flame                  Conjuration/Fire             3
   d - Inner Flame                    Hexes/Fire                   3
   e - Sticky Flame                   Conjuration/Fire             4
   f - Fireball                       Conjuration/Fire             5
Comestibles
 t - a beef jerky
 G - a meat ration


   Skills:
 + Level 11.1 Fighting
 + Level 9.3 Long Blades
 - Level 5.1 Dodging
 - Level 6.2 Stealth
 - Level 2.0 Spellcasting
 - Level 6.0 Necromancy


You had 3 spell levels left.
You knew the following spells:

 Your Spells              Type           Power        Failure   Level  Hunger
a - Pain                  Necr           ###.         1%          1    #......
b - Vampiric Draining     Necr           ###.......   4%          3    ###....
c - Regeneration          Chrm/Necr      ##........   17%         3    ###....
d - Animate Dead          Necr           N/A          17%         4    #####..


Dungeon Overview and Level Annotations

Branches:
Dungeon (10/15)            Temple (1/1) D:7            Lair (0/6) D:8
    Orc: D:9-12

Altars:
Cheibriados
Elyvilon
Gozag
Kikubaaqudgha
Nemelex Xobeh
Qazlal
Sif Muna
Trog
Uskayaw
Yredelemnul
Zin
The Shining One

Shops:
D:9 :


Innate Abilities, Weirdness & Mutations

You cannot wear most types of armour.
You are very stealthy in the water. (Stealth+)
You are amphibious.
You can wear up to eight rings at the same time.
You can use your tentacles to constrict eight enemies at once.
Your skin changes colour to match your surroundings (Stealth+).
Your rubbery body absorbs attacks. (AC +1, EV +1)
You are mostly covered in rugged brown scales. (AC +2, +5% HP)
You possess an exceptional clarity of mind.
Your flesh is heat resistant. (rF+)


Message History

The komodo dragon misses you.
You closely miss the komodo dragon.
The komodo dragon is heavily wounded.
The komodo dragon bites you!!
* * * LOW HITPOINT WARNING * * *
You hit the komodo dragon but do no damage.
The komodo dragon is heavily wounded.
You hit the komodo dragon.
You squeeze the komodo dragon, but do no damage.
The komodo dragon is heavily wounded.
The komodo dragon barely misses you.
You riposte.
You hit the komodo dragon but do no damage.
The komodo dragon is heavily wounded.
You feel better. The komodo dragon misses you.
You closely miss the komodo dragon.
You squeeze the komodo dragon, but do no damage.
The komodo dragon is heavily wounded.
The komodo dragon bites you!!
You die...
Kikubaaqudgha rasps: "You have failed me!
Welcome... death!"

#.##..........#
#..........<..#
##......)...#
#..........#
##.######### #....##
####..# ##.# #+#####
#@# .......
######l#### ###.......
#.........# #.'.l.../.
#.........###.#.......
#.........##..#.l.....
+.........#..##.......
#..(......'.## .......
#.........### .......
########### .......


You could see a komodo dragon.

Vanquished Creatures
  Pikel (D:6)
  2 trolls
  Grinder (D:6)
  A two-headed ogre (D:9)
  Sigmund (D:4)
  2 wyverns (D:10)
  A yak (D:8)
  Edmund (D:6)
  A soldier ant (D:10)
  A sky beast (D:9)
  3 orc warriors
  An eye of draining (D:8)
  A centaur (D:9)
  4 ogres
  3 crocodiles
  12 big kobolds
  5 bullfrogs
  A wyvern zombie (D:7)
  5 scorpions
  11 wights
  2 howler monkeys
  A bullfrog zombie (D:7)
  A centaur zombie (D:7)
  5 crimson imps
  3 jellies
  A quasit (D:7)
  2 hounds
  10 orc wizards
  2 bullfrog skeletons
  6 orc priests
  Natasha (thrice) (D:4)
  5 worker ants
  A hound zombie (D:6)
  A worker ant zombie (D:6)
  Robin (D:4)
  8 gnolls (D:8)
  3 river rats
  16 adders
  3 oozes (Sewer)
  An adder zombie (D:9)
  3 adder skeletons
  9 worms
  A dart slug (D:1)
  9 leopard geckos
  28 orcs
  4 ball pythons (Sewer)
  3 giant cockroaches
  22 goblins
  5 hobgoblins
  7 jackals
  9 kobolds
  4 quokkas
  14 bats
  A quokka zombie (D:5)
  19 rats
271 creatures vanquished.

Vanquished Creatures (others)
  2 slaves (D:6)
  A bullfrog (D:6)
  A crimson imp (D:6)
  A jelly (D:6)
  An orc (D:6)
  A quokka skeleton (D:6)
  A quokka zombie (D:6)
  19 fungi (D:8)
  A plant (D:8)
28 creatures vanquished.

Grand Total: 299 creatures vanquished

Notes
Turn   | Place    | Note
-------+----------+-------------------------------------------
     0 | D:1      | McCoppin the Octopode Necromancer began the quest for the Orb.
     0 | D:1      | Reached XP level 1. HP: 11/11 MP: 3/3
   383 | D:1      | Reached XP level 2. HP: 14/17 MP: 5/5
  1052 | D:2      | Reached XP level 3. HP: 20/21 MP: 6/6
  1054 | D:2      | Reached skill level 5 in Stealth
  1069 | D:2      | Learned a level 3 spell: Vampiric Draining
  1335 | D:2      | Reached XP level 4. HP: 25/27 MP: 0/7
  1434 | D:2      | Learned a level 3 spell: Regeneration
  1794 | D:2      | Reached skill level 1 in Fighting
  1981 | D:3      | Found a basalt altar of Yredelemnul.
  2514 | D:3      | Reached XP level 5. HP: 33/33 MP: 8/8
  2716 | D:3      | Reached skill level 2 in Fighting
  2890 | D:4      | Found a glowing drain.
  2913 | Sewer    | Entered a sewer
  3063 | Sewer    | Reached skill level 5 in Necromancy
  3123 | Sewer    | Noticed a big kobold
  3133 | Sewer    | Noticed a big kobold
  3149 | Sewer    | Killed a big kobold
  3149 | Sewer    | Reached XP level 6. HP: 27/41 MP: 5/9
  3225 | Sewer    | Reached skill level 3 in Fighting
  3307 | Sewer    | Reached XP level 7. HP: 43/47 MP: 10/10
  3313 | Sewer    | Reached skill level 4 in Fighting
  3745 | Sewer    | Reached skill level 5 in Fighting
  3751 | Sewer    | Reached XP level 8. HP: 38/55 MP: 11/11
  3886 | D:4      | Noticed Sigmund
  3895 | D:4      | Killed Sigmund
  3895 | D:4      | Reached skill level 6 in Fighting
  4074 | D:4      | Noticed Robin
  4122 | D:4      | Killed Robin
  4178 | D:4      | Noticed Natasha
  4186 | D:4      | Killed Natasha
  4327 | D:4      | Noticed Natasha
  4332 | D:4      | Killed Natasha
  4332 | D:4      | Reached skill level 5 in Dodging
  4618 | D:4      | Noticed Natasha
  4746 | D:4      | Found a snail-covered altar of Cheibriados.
  4863 | D:4      | Killed Natasha
  4952 | D:5      | Entered Level 5 of the Dungeon
  5161 | D:5      | Reached skill level 1 in Long Blades
  5730 | D:6      | Reached skill level 7 in Fighting
  5841 | D:6      | Noticed Edmund
  5860 | D:6      | Killed Edmund
  5860 | D:6      | Reached XP level 9. HP: 35/64 MP: 2/12
  6146 | D:6      | Noticed Pikel
  6158 | D:6      | Killed Pikel
  6158 | D:6      | Reached skill level 8 in Fighting
  6253 | D:6      | Learned a level 4 spell: Animate Dead
  6420 | D:6      | Got a pair of crude gloves
  6497 | D:6      | Reached skill level 5 in Long Blades
  6861 | D:6      | Noticed Grinder
  6886 | D:6      | Paralysed by Grinder for 7 turns
  6905 | D:6      | Paralysed by Grinder for 7 turns
  6916 | D:6      | Killed Grinder
  7497 | D:6      | Reached skill level 9 in Fighting
  7745 | D:7      | Reached XP level 10. HP: 60/74 MP: 13/13
  7850 | D:7      | Found a staircase to the Ecumenical Temple.
  7858 | Temple   | Entered the Ecumenical Temple
  7880 | Temple   | Became a worshipper of Kikubaaqudgha
  8121 | D:7      | Found a glowing silver altar of Zin.
  8881 | D:8      | Reached * piety under Kikubaaqudgha
  8881 | D:8      | Identified Kikubaaqudgha's Volume of Stolen Souls (Kikubaaqudgha gifted it to you on level 8 of the Dungeon)
  8881 | D:8      | Received a gift from Kikubaaqudgha
  9263 | D:8      | Reached skill level 10 in Fighting
  9743 | D:8      | Got a slimy scale mail
  9811 | D:8      | Found a staircase to the Lair.
  9881 | D:9      | Reached ** piety under Kikubaaqudgha
 10471 | D:9      | Gained mutation: You are partially covered in rugged brown scales. (AC +1, +3% HP) [mutagenic meat]
 10472 | D:9      | Gained mutation: You are mostly covered in rugged brown scales. (AC +2, +5% HP) [mutagenic meat]
 10473 | D:9      | Gained mutation: Your flesh is heat resistant. (rF+) [mutagenic meat]
 10474 | D:9      | Gained mutation: You possess an exceptional clarity of mind. [mutagenic meat]
 10608 | D:9      | Found Esileris's Book Emporium.
 10729 | D:10     | Entered Level 10 of the Dungeon
 11767 | D:10     | Reached skill level 11 in Fighting
 11767 | D:10     | Reached XP level 11. HP: 39/87 MP: 10/14
 11829 | D:10     | Slain by a komodo dragon

Skill      XL: |  1  2  3  4  5  6  7  8  9 10 |
---------------+-------------------------------+-----
Stealth        | 3 4 5 6 |  6.2
Fighting       | 1 2 3 5 7 9 11 | 11.1
Necromancy     | 5 6 |  6.0
Dodging        | 3 5 |  5.1
Long Blades    | 3 6 9 |  9.3
Spellcasting   | |  2.0

Action                   |  1- 3 |  4- 6 |  7- 9 | 10-12 || total
-------------------------+-------+-------+-------+-------++-------
Melee: Unarmed           |    13 |       |       |       ||    13
       Constrict         |    18 |    21 |    66 |    59 ||   164
       Tentacles         |     8 |    12 |    64 |    59 ||   143
       Short sword       |    46 |    27 |    83 |       ||   156
       Quarterstaff      |       |    67 |    82 |       ||   149
       Dagger            |       |       |   150 |       ||   150
       Falchion          |       |       |    25 |   263 ||   288
 Cast: Pain              |     4 |     1 |    11 |    16 ||    32
       Vampiric Draining |     3 |     8 |    19 |    15 ||    45
       Regeneration      |       |       |     7 |     6 ||    13
  Use: Scroll            |       |       |     8 |     6 ||    14
       Potion            |       |       |     4 |     7 ||    11
 Stab: Sleeping          |     2 |    22 |    13 |    10 ||    47
       Distracted        |       |       |       |     5 ||     5
  Eat: Chunk             |     1 |     8 |    14 |    14 ||    37
       Fruit             |       |       |     1 |     2 ||     3
       Royal jelly       |       |       |     1 |       ||     1
       Bread ration      |       |       |       |     2 ||     2
Armor: Skin              |     7 |     8 |    18 |    13 ||    46
Dodge: Dodged            |    58 |    63 |   207 |   212 ||   540
       Rpst.: Falchion   |       |       |     2 |    56 ||    58
